 Dungeon Crawl Stone Soup version 0.31.0-9-g3a7656b989 (webtiles) character file.

Game seed: 8017771807134815173

1438 qw the Skirmisher (level 8, -8/46 HPs)
             Began as a Deep Elf Hunter on Feb 2, 2024.
             Was a Believer of Okawaru.
             Killed from afar by a steam dragon (19 damage)
             ... with a ball of steam
             ... on level 6 of the Dungeon.
             The game lasted 00:00:24 (4712 turns).

qw the Skirmisher (Deep Elf Hunter)                 Turns: 4712, Time: 00:00:25

Health: -8/46      AC:  8    Str: 10    XL:     8   Next: 45%
Magic:  13/13      EV: 12    Int: 15    God:    Okawaru [**....]
Gold:   175        SH:  0    Dex: 18    Spells: 7/7 levels left

rFire   . . .        g - +0 orcbow
rCold   . . .        (shield currently unavailable)
rNeg    . . .        f - +0 ring mail
rPois   .            h - +1 helmet
rElec   .            (no cloak)
rCorr   .            (no gloves)
SInv    +            d - +0 pair of boots
Will    .....        (no amulet)
Stlth   +            l - ring of see invisible
HPRegen 0.27/turn    (no ring)
MPRegen 0.13/turn

%: no passive effects
@: about to teleport
A: no striking features
a: Renounce Religion, Heroism


You were on level 6 of the Dungeon.
You worshipped Okawaru.
Okawaru was pleased with you.
You visited 2 branches of the dungeon, and saw 7 of its levels.

You collected 259 gold pieces.
You spent 84 gold pieces at shops.


   Skills:
 - Level 3.1 Fighting
 + Level 12.2 Ranged Weapons
 - Level 1.0 Armour
 - Level 4.1 Dodging
 - Level 1.2 Stealth
 - Level 4.0 Invocations


You had 7 spell levels left.
You didn't know any spells.
Your spell library was empty.

Inventory:

Hand Weapons
 g - a +0 orcbow (weapon)
Armour
 d - a +0 pair of boots (worn)
 f - a +0 ring mail (worn)
 h - a +1 helmet (worn)
Jewellery
 l - a ring of see invisible (left hand)
Wands
 a - a wand of flame (27)
 b - a wand of light (11)
Scrolls
 c - a scroll of identify
 j - a scroll of teleportation
Potions
 e - a potion of might
 i - 2 potions of curing
 k - a potion of heal wounds

Dungeon Overview and Level Annotations

Branches:
Dungeon (6/15)             Temple (1/1) D:5

Altars:
Dithmenos
Fedhas
Hepliaklqana
Kikubaaqudgha
Makhleb
Nemelex Xobeh
Okawaru
Qazlal
Ru
Sif Muna
Trog
Wu Jian
Xom
Zin

Shops:
D:4 :   D:5 (

Annotations:
D:5 exclusion: 2 orc priests


Message History

4698 ||| Stepping ~*~*~tactically~*~*~ (cloud).
You see here a +0 dagger.
You shoot an arrow.
The arrow barely misses the steam dragon.
You shoot an arrow.
The arrow completely misses the steam dragon.
The steam dragon bites you but does no damage.
The steam dragon closely misses you.
You shoot an arrow. The arrow hits the steam dragon!
The steam dragon is heavily wounded.
The steam dragon barely misses you. The steam dragon claws you.
You shoot an arrow. The arrow hits the steam dragon!
The steam dragon is severely wounded.
The steam dragon breathes steam at you. The ball of steam hits you!
You hear a shout! x3
You shoot an arrow.
The arrow hits the steam dragon but does no damage.
The steam dragon is severely wounded.
You are engulfed in a cloud of scalding steam.
The steam dragon closely misses you. x2
You shoot an arrow. The arrow hits the steam dragon!
The steam dragon is almost dead.
You are engulfed in a cloud of scalding steam.
The steam dragon bites you but does no damage.
The steam dragon claws you but does no damage.
You shoot an arrow.
The arrow closely misses the steam dragon.
You are engulfed in a cloud of scalding steam.
The steam dragon bites you.
The steam dragon claws you but does no damage.
You shoot an arrow.
The arrow barely misses the steam dragon.
The steam dragon bites you. The steam dragon claws you.
4712 ||| READING 2 scrolls of teleportation.
As you read the scroll of teleportation, it crumbles to dust.
You feel strangely unstable. The steam dragon breathes steam at you.
The ball of steam hits you!!
You die...

#....#.#.#.####.#.##...
.# . #.........#.#
#...##.##..#..##
.............#
###.....#... #.
#.#.....#####...#
#.##....# ## #.....###
#.######.###.#.# #.
#.....#
####.##.......?.#.# #.
#.....#
....<....)...##.#.#
###+ ..
###.##.###.###.#.###...
#.##@###.###.....'...
#......D.......#%###...
#.#....##.######.# #...
......##.# #.# #...
#.#.#..##. #.# #... #
#....... #.# #..[ #
###### #+# ####


You could see a steam dragon (catching breath).

Vanquished Creatures
  Sigmund (D:3)
  A sky beast (D:6)
  An ogre (D:5)
  2 phantoms
  A scorpion (D:6)
  5 wights (D:5)
  A bombardier beetle (D:5)
  A jelly (D:5)
  2 orc priests (D:5)
  A hound (D:4)
  A sleepcap (D:6)
  Jessica (D:3)
  3 orc wizards (D:5)
  6 iguanas
  Robin (D:3)
  8 adders
  2 ufetubi (D:4)
  A dart slug (D:3)
  A ribbon worm (D:4)
  20 orcs (D:5)
  6 endoplasms
  A giant cockroach (D:1)
  19 goblins
  7 hobgoblins
  2 jackals (D:4)
  11 quokkas
  7 ball pythons
  6 bats
  A frilled lizard (D:1)
  5 kobolds
  7 rats
132 creatures vanquished.

Notes
Turn   | Place    | Note
-------+----------+-------------------------------------------
     0 | D:1      | qw the Deep Elf Hunter began the quest for the Orb.
     0 | D:1      | Reached XP level 1. HP: 12/12 MP: 3/3
     0 | D:1      | 0 ||| qw: Version: 0.3-a-155-g5e7d8dd
     0 | D:1      | 0 ||| qw: Game counter: 2355
     0 | D:1      | 0 ||| qw: Melee chars always use a shield: true
     0 | D:1      | 0 ||| qw: God list: Okawaru
     0 | D:1      | 0 ||| qw: Allow faded altars: false
     0 | D:1      | 0 ||| qw: Do Orc after clearing Dungeon:15 true
     0 | D:1      | 0 ||| qw: Do second Lair branch before Depths: true
     0 | D:1      | 0 ||| qw: Lair rune preference: random
     0 | D:1      | 0 ||| qw: Goals: Normal
     0 | D:1      | 0 ||| PLANNING D:1-11
   291 | D:1      | Reached skill level 6 in Ranged Weapons
   291 | D:1      | Reached XP level 2. HP: 16/16 MP: 4/4
   832 | D:1      | 832 ||| UPGRADING to +0 pair of boots.
   837 | D:1      | 837 ||| READING 2 scrolls labelled OMAWOI YPTIA.
   837 | D:1      | 837 ||| IDENTIFYING bubbling yellow potion
   838 | D:1      | 838 ||| READING scroll of identify.
   838 | D:1      | 838 ||| IDENTIFYING scroll labelled HIZEVYRPHEX
   839 | D:1      | 839 ||| DROPPING scroll of butterflies.
   840 | D:1      | 840 ||| DROPPING scroll of fog.
   981 | D:2      | Reached XP level 3. HP: 20/20 MP: 5/5
  1098 | D:2      | Reached skill level 7 in Ranged Weapons
  1322 | D:2      | Reached XP level 4. HP: 15/25 MP: 6/6
  1719 | D:2      | 1719 ||| READING 3 scrolls of identify.
  1719 | D:2      | 1719 ||| IDENTIFYING sapphire potion
  1720 | D:2      | 1720 ||| READING 2 scrolls of identify.
  1720 | D:2      | 1720 ||| IDENTIFYING 2 grey potions
  1721 | D:2      | 1721 ||| READING scroll of identify.
  1721 | D:2      | 1721 ||| IDENTIFYING 2 blue potions
  1722 | D:2      | 1722 ||| READING 2 scrolls labelled HOXE SOZITZY.
  1726 | D:2      | 1726 ||| READING scroll labelled GUOROFUTAU.
  1727 | D:2      | 1727 ||| DROPPING 2 potions of attraction.
  1865 | D:3      | Noticed Robin
  1871 | D:3      | HP: 5/25 [goblin/+0 dagger[Robin] (3)]
  1871 | D:3      | HP: 1/25 [goblin/+0 club[Robin] (3)]
  1872 | D:3      | 1872 ||| READING scroll of teleportation.
  1873 | D:3      | 1873 ||| DRINKING potion of heal wounds.
  1874 | D:3      | Noticed Jessica
  1888 | D:3      | HP: 6/25 [hobgoblin (3)]
  1891 | D:3      | Reached skill level 8 in Ranged Weapons
  1986 | D:3      | Killed Robin
  2054 | D:3      | Noticed Sigmund
  2055 | D:3      | 2055 ||| ZAPPING wand of flame (2) at 0,6 (Sigmund; floor).
  2056 | D:3      | 2056 ||| FLEEEEING.
  2057 | D:3      | 2057 ||| DRINKING 2 potions of curing.
  2057 | D:3      | 2057 ||| (to cure confusion)
  2058 | D:3      | 2058 ||| FLEEEEING.
  2059 | D:3      | 2059 ||| FLEEEEING.
  2060 | D:3      | 2060 ||| ZAPPING wand of flame (1) at -3,7 (Sigmund;
                  | floor).
  2069 | D:3      | HP: 5/25 [Sigmund/+0 scythe (8)]
  2070 | D:3      | 2070 ||| DRINKING potion of heal wounds.
  2072 | D:3      | Killed Sigmund
  2073 | D:3      | Reached skill level 9 in Ranged Weapons
  2073 | D:3      | Reached XP level 5. HP: 27/29 MP: 7/7
  2073 | D:3      | Reached XP level 6. HP: 31/34 MP: 8/8
  2279 | D:3      | Found an ornate altar of the Wu Jian Council.
  2358 | D:3      | Killed Jessica
  2359 | D:3      | Reached skill level 3 in Dodging
  2389 | D:3      | Found a faded altar of an unknown god.
  2485 | D:3      | 2485 ||| UPGRADING to +0 ring mail.
  2495 | D:3      | 2495 ||| DROPPING +0 leather armour.
  2496 | D:3      | 2496 ||| DROPPING +2 animal skin.
  2497 | D:3      | 2497 ||| UPGRADING to +0 helmet.
  2811 | D:4      | Found Kuuhasor's Tiny Tomes.
  2824 | D:4      | Reached skill level 1 in Armour
  3010 | D:4      | 3010 ||| UPGRADING to ring of see invisible.
  3011 | D:4      | 3011 ||| READING 3 scrolls of identify.
  3011 | D:4      | 3011 ||| IDENTIFYING metallic dark potion
  3012 | D:4      | 3012 ||| READING 2 scrolls of identify.
  3012 | D:4      | 3012 ||| IDENTIFYING scroll labelled YREAJU VULI
  3013 | D:4      | 3013 ||| READING scroll of identify.
  3013 | D:4      | 3013 ||| IDENTIFYING scroll labelled VYTEGE ONTU
  3014 | D:4      | 3014 ||| READING scroll labelled DOCWITZ KUEMM.
  3014 | D:4      | 3014 ||| ENCHANTING +0 helmet.
  3015 | D:4      | 3015 ||| DROPPING scroll of noise.
  3016 | D:4      | 3016 ||| DROPPING scroll of amnesia.
  3017 | D:4      | 3017 ||| DROPPING potion of brilliance.
  3043 | D:5      | Entered Level 5 of the Dungeon
  3065 | D:5      | Reached skill level 10 in Ranged Weapons
  3065 | D:5      | Reached XP level 7. HP: 39/40 MP: 9/9
  3083 | D:5      | Found a blossoming altar of Fedhas.
  3111 | D:5      | Found a staircase to the Ecumenical Temple.
  3112 | D:5      | 3112 ||| PLANNING TEMPLE
  3119 | Temple   | Entered the Ecumenical Temple
  3120 | Temple   | 3120 ||| PLANNING OKAWARU WORSHIP
  3133 | Temple   | Became a worshipper of Warmaster Okawaru
  3134 | Temple   | 3134 ||| PLANNING D:1-11
  3280 | D:5      | Found Laubiyts's Antique Weapon Boutique.
  3289 | D:5      | 3289 ||| BUYING orcbow (84 gold).
  3289 | D:5      | Bought an orcbow for 84 gold pieces
  3289 | D:5      | 3289 ||| SWAPPING to +0 orcbow.
  3290 | D:5      | 3290 ||| DROPPING +0 shortbow.
  3342 | D:5      | HP: 9/37 [wight/+2 falchion of freezing (3)]
  3343 | D:5      | 3343 ||| READING 2 scrolls of teleportation.
  3346 | D:5      | Reached skill level 11 in Ranged Weapons
  3346 | D:5      | 3346 ||| FLEEEEING.
  3347 | D:5      | 3347 ||| FLEEEEING.
  3348 | D:5      | 3348 ||| FLEEEEING.
  3365 | D:5      | 3365 ||| FLEEEEING.
  3566 | D:5      | 3566 ||| FLEEEEING.
  3567 | D:5      | 3567 ||| FLEEEEING.
  3588 | D:5      | 3588 ||| RETREEEEATING.
  3593 | D:5      | Reached * piety under Okawaru
  3602 | D:5      | Reached skill level 12 in Ranged Weapons
  3602 | D:5      | Reached skill level 1 in Invocations
  3704 | D:5      | Reached XP level 8. HP: 43/45 MP: 11/11
  3756 | D:5      | Reached skill level 3 in Fighting
  3980 | D:5      | HP: 11/46 [poisoned by an orc wizard]
  3985 | D:5      | HP: 8/46 [poisoned by an orc wizard]
  4156 | D:5      | Found a shadowy altar of Dithmenos.
  4156 | D:5      | Found a sacrificial altar of Ru.
  4374 | D:6      | 4374 ||| PLANNING OSSUARY
  4383 | D:6      | Reached skill level 3 in Invocations
  4573 | D:6      | Reached ** piety under Okawaru
  4698 | D:6      | 4698 ||| Stepping ~*~*~tactically~*~*~ (cloud).
  4711 | D:6      | HP: 11/46 [steam dragon (4)]
  4712 | D:6      | 4712 ||| READING 2 scrolls of teleportation.
  4712 | D:6      | Killed from afar by a steam dragon

Levels and vault maps discovered:
D:1:      dpeg_arrival_prison, layout_loops_corners
D:2:      minmay_chambers_of_ones, layout_loops_ring, minmay_misc_feat_encased,
          hangedman_decor_clover_reticule, minmay_misc_feat_five,
          hangedman_decor_riveting
D:3:      layout_basic, mainiacjoe_overflow_alcove_4,
          ebering_ecumenical_altar_ruins, minmay_misc_feat_square,
          chequers_serial_rivers_micro_d, uniq_robin, uniq_sigmund, uniq_jessica
D:4:      layout_cave_pools, nicolae_shop_i_like_small_books_too,
          kennysheep_generic_room_7
D:5:      wander_river, layout_basic, mainiacjoe_overflow_cross_hatched,
          mainiacjoe_overflow_divided_tiny, minmay_temple_entry_wispy,
          serial_shops, nicolae_shop_tiny_statue_garden
D:6:      layout_basic, slow_altar_1, nicolae_ossuary_entry_false_entrances
Temple:   hellmonk_temple_rainy

Skill      XL: |  1  2  3  4  5  6  7  8 |
---------------+-------------------------+-----
Ranged Weapons | 6 7 9 10 12 | 12.2
Dodging        | 3 4 |  4.1
Fighting       | 2 3 |  3.1
Armour         | 1 |  1.0
Invocations    | 1 4 |  4.0
Stealth        | |  1.2

Action                     |  1- 3 |  4- 6 |  7- 9 || total
---------------------------+-------+-------+-------++-------
   Fire: Shortbow          |    93 |   170 |    20 ||   283
         Orcbow            |       |       |   169 ||   169
  Evoke: Wand              |       |     2 |       ||     2
    Use: Scroll            |     2 |    10 |     2 ||    14
         Potion            |       |     3 |       ||     3
 Armour: Leather armour    |    10 |    45 |       ||    55
         Ring mail         |       |    44 |    64 ||   108
  Dodge: Dodged            |    28 |    81 |    32 ||   141

Table legend:
 A = Non-vault XP
 B = Vault XP
 C = Vault XP percentage of total XP
 D = Non-vault monster count
 E = Vault monster count
 F = Vault count percentage of total count
                 A         B        C        D         E       F
            +---------+---------+-------+---------+---------+-------
      Total |    1742 |     313 |  15.2 |     109 |      23 |  17.4
            +---------+---------+-------+---------+---------+-------
        D:1 |      27 |       4 |  12.9 |      16 |       3 |  15.8
        D:2 |      61 |      19 |  23.8 |      15 |       5 |  25.0
        D:3 |      55 |     288 |  84.0 |      17 |      14 |  45.2
        D:4 |     182 |       2 |   1.1 |      16 |       1 |   5.9
        D:5 |    1088 |       0 |   0.0 |      40 |       0 |   0.0
        D:6 |     329 |       0 |   0.0 |       5 |       0 |   0.0
            +---------+---------+-------+---------+---------+-------
